 Dungeon Crawl Stone Soup version 0.31-a0-149-g3fdcc5976a (webtiles) character file.

Game seed: 11254690573479225692

135 pokeman the Magician (level 4, 0/22 (25) HPs)
             Began as a Deep Elf Hedge Wizard on June 8, 2023.
             Slain by a quokka zombie (4 damage)
             ... on level 3 of the Dungeon.
             The game lasted 00:03:12 (2248 turns).

pokeman the Magician (Deep Elf Hedge Wizard)        Turns: 2248, Time: 00:03:12

HP:   0/22 (25)     AC:  2    Str:  7    XL:     4   Next: 97%
MP:   1/13          EV: 12    Int: 21    God:
Gold: 80            SH:  0    Dex: 14    Spells: 6/14 levels left

rFire   . . .        l - +0 club (spect)
rCold   . . .        (no shield)
rNeg    . . .        b - +0 robe
rPois   .            c - +0 hat
rElec   .            (no cloak)
rCorr   .            (no gloves)
SInv    .            (no boots)
Will    .....        (no amulet)
Stlth   ++           (no ring)
HPRegen 0.23/turn    (no ring)
MPRegen 0.13/turn

%: no passive effects
@: on blink cooldown, heavily drained
A: no striking features
a: no special abilities


You were on level 3 of the Dungeon.
You visited 1 branch of the dungeon, and saw 3 of its levels.

You collected 80 gold pieces.

Inventory:

Hand Weapons
 l - a +0 spectral club (weapon)
Armour
 b - a +0 robe (worn)
 c - a +0 hat (worn)
Scrolls
 a - a scroll of blinking {unknown}
 f - a scroll of teleportation {unknown}
 h - a scroll of amnesia {unknown}
 i - a scroll of fog {unknown}
 k - 2 scrolls of identify {unknown}
Potions
 d - a potion of magic
 e - 2 potions of enlightenment {unknown}
 g - a potion of berserk rage {unknown}
 j - a potion of mutation {unknown}


   Skills:
 - Level 1.1 Fighting
 - Level 1.1 Armour
 + Level 2.8 Dodging
 + Level 2.9 Stealth
 * Level 5.9 Spellcasting
 + Level 2.4 Conjurations
 - Level 1.1 Summonings
 - Level 1.1 Translocations


You had 6 spell levels left.
You knew the following spells:

 Your Spells              Type           Power      Damage    Failure   Level
a - Magic Dart            Conj           64%        1d6       3%          1
b - Mephitic Cloud        Conj/Pois/Air  9%         N/A       22%         3
c - Call Imp              Summ           20%        N/A       10%         2
d - Blink                 Tloc           20%        N/A       10%         2

Your spell library contained the following spells:

 Spells                   Type           Power      Damage    Failure   Level
 Slow                     Hex            24%        N/A       10%         1
 Cigotuvi's Dreadful Rot  Necr/Pois/Air  12%        N/A       16%         2
 Gell's Gravitas          Tloc           10%        N/A       19%         3
 Teleport Other           Tloc           10%        N/A       19%         3
 Dispersal                Tloc           5%         N/A       100%        6


Dungeon Overview and Level Annotations

Branches:
Dungeon (3/15)

Altars:

Shops:
D:1 [


Message History

Confirm with . or Enter, or press ? or * to list all spells.
Aiming: Magic Dart (safe; 3% risk of failure)
Press: ? - help, Shift-Dir - straight line, f/p - orc
Aim: an orc, wielding a +1 flail of draining and wearing a +0 ring mail (lightly wounded, 100% to hit)
The magic dart hits the orc but does no damage.
The orc is lightly wounded.
Unknown command.
Casting: Magic Dart (safe; 3% risk of failure)
Confirm with . or Enter, or press ? or * to list all spells.
A tiny devil pulls itself out of the air.
Unknown command.
Your cerulean imp hits the orc but does no damage.
Your cerulean imp hits the orc but does no damage.
You see here a scroll labelled CADWUL JEDU.
Your cerulean imp closely misses the orc.
Your cerulean imp hits the orc but does no damage.
Found 5 gold pieces.
You see here a +0 dagger.
Things that are here:
a +0 short sword; a stone; a wand of flame (21)
Your cerulean imp barely misses the orc.
The orc barely misses you.
You see here a +0 dagger.
You closely miss the orc.
The orc is lightly wounded.
Your cerulean imp completely misses the orc.
The orc hits you with a +1 flail of draining!
You feel drained.
The quokka zombie misses your cerulean imp.
Your cerulean imp hits the orc from afar with a -3 spear.
The orc hits you with a +1 flail of draining!
* * * LOW HITPOINT WARNING * * *
You feel drained.
* * * LOW HITPOINT WARNING * * *
Casting: Call Imp (safe; 10% risk of failure)
Confirm with . or Enter, or press ? or * to list all spells.
You blink.
A bat comes into view.
The quokka zombie bites you.
You die...

§~~~.......#......
§§§~........#.##.#...
§§~.........<........
§§.P........#.##.#..
##...b......#.##.#
..........†...##.#
...........##..#.#
............#....#
.......@....#.#..######.
........Z...#.#.........
........Z5..#.#.###....†
.....####.#.#.#...#.....
..... #o#.#.###..#####
...# #§#.#.# ##...## ...
#)....# ###..## ##
#......#.### ##..#
#......#.# ##..


You could see an orc (ally target), a ball python zombie, a quokka zombie, a bat
and a friendly cerulean imp (summoned).

Vanquished Creatures
  Jessica (D:2)
  Natasha (twice) (D:3)
  2 adders (D:2)
  An adder skeleton (D:3)
  6 endoplasms
  2 giant cockroaches
  3 goblins
  3 hobgoblins
  3 jackals (D:2)
  3 quokkas
  2 ball pythons
  2 bats
  6 kobolds
  2 rats (D:1)
38 creatures vanquished.

Notes
Turn   | Place    | Note
-------+----------+-------------------------------------------
     0 | D:1      | pokeman the Deep Elf Hedge Wizard began the quest for the
                  | Orb.
     0 | D:1      | Reached XP level 1. HP: 10/10 MP: 7/7
   413 | D:1      | Reached XP level 2. HP: 15/15 MP: 4/9
   633 | D:1      | Found Necw's Antique Armour Boutique.
  1208 | D:2      | Reached skill level 5 in Spellcasting
  1410 | D:2      | Reached XP level 3. HP: 20/20 MP: 6/11
  1414 | D:2      | Learned a level 3 spell: Mephitic Cloud
  1417 | D:2      | Learned a level 2 spell: Call Imp
  1420 | D:2      | Learned a level 2 spell: Blink
  1716 | D:2      | Noticed Jessica
  1721 | D:2      | Killed Jessica
  1722 | D:2      | Reached skill level 1 in Fighting
  1722 | D:2      | Reached skill level 1 in Armour
  1722 | D:2      | Reached XP level 4. HP: 25/25 MP: 7/13
  2173 | D:3      | Noticed Natasha
  2179 | D:3      | Killed Natasha
  2184 | D:3      | Noticed Natasha
  2190 | D:3      | Killed Natasha
  2248 | D:3      | Slain by a quokka zombie

Illustrated notes

Levels and vault maps discovered:
D:1:      saegor_arrival_simple_d, layout_loops_ring, serial_shops, shop
D:2:      layout_rooms, serial_bayou, serial_bayou_pond_e,
          serial_bayou_crossing, serial_bayou_pond_c, serial_bayou_ford_a,
          minmay_misc_feat_square, uniq_jessica
D:3:      layout_basic, serial_undead, serial_undead_c, serial_undead_f,
          serial_undead_a, serial_undead_e, serial_undead_a, serial_undead_f,
          serial_undead_a, kennysheep_small_spiral, kennysheep_generic_room_16,
          uniq_natasha

Skill      XL: |  1  2  3 |
---------------+----------+-----
Spellcasting   | 5 |  5.9
Fighting       | 1 |  1.1
Armour         | 1 |  1.1
Conjurations   | 2 |  2.4
Dodging        | |  2.8
Stealth        | |  2.9
Summonings     | |  1.1
Translocations | |  1.1

Action                     |  1- 3 |  4- 6 || total
---------------------------+-------+-------++-------
  Melee: Club              |       |     1 ||     1
   Cast: Magic Dart        |    90 |    32 ||   122
         Blink             |       |     1 ||     1
         Call Imp          |       |     1 ||     1
 Armour: Robe              |       |     1 ||     1
  Dodge: Dodged            |    12 |     8 ||    20

Table legend: (Time is in decaauts)
 A = Elapsed time spent in this place.
 B = Non-inter-level travel time spent in this place.
 C = Inter-level travel time spent in this place.
 D = Time resting spent in this place.
 E = Time spent auto-exploring this place.
 F = Levels seen in this place.
 G = Mean time per level.
                   A        B        C        D        E       F      G
               +--------+--------+--------+--------+--------+-----+--------+
         Total |   2275 |   2097 |    178 |     70 |   1790 |   3 |  758.3 |
       Dungeon |   2275 |   2097 |    178 |     70 |   1790 |   3 |  758.3 |
               +--------+--------+--------+--------+--------+-----+--------+

Top non-repeatable levels by time:
     D:1: 1128 daAuts
     D:2: 901 daAuts
     D:3: 245 daAuts
